Match 48543011
Unlisted

Match 48543011
End
Construct Section Command Post
Royal Engineer Section
Infantry Section
Dingo Light Scout Car
Infantry Section
Infantry Section
Selects Indian Artillery Battlegroup
Selects Artillery Saturation
Construct Platoon Command Post
6-pounder Anti-tank Gun Team
Unlock M3 Stuart Light Tanks
Selects Off-map Airburst Barrage
M3 Stuart Light Tank
M3 Stuart Light Tank
Selects BL5.5 Artillery Emplacement
Selects War Cry
Vickers Machine Gun Team
Selects Gurkha Rifles Section
Grenade Package
6-pounder Anti-tank Gun Team
Gurkha Rifles Section
Selects Pillage
HIMYNAMEISHO
4-in-1 Petrol lawnmower
Tomsch
Angrybirds
0
0

Comments sign in to comment!

No comments posted yet!